Map: Old Estate

Players

nomie - Winner!

  • Race: Terran Terran

DykeSukuru - Winner!

  • Race: Protoss Protoss

Foligt - Winner!

  • Race: Terran Terran

Vexendock - Winner!

  • Race: Protoss Protoss

james

  • Race: Zerg Zerg

FunkySamurai

  • Race: Terran Terran

Liess

  • Race: Protoss Protoss

DeusDoloris

  • Race: Protoss Protoss

VOD

Have the link to the VOD?

Description

Time

  • Played on: Aug. 1, 2026, 3:25 a.m.
  • Length: 29:45
Show
View Real Time Build Order
Export as new Build Order

nomie Terran - Winner!

Build Orders:  

Get SALT Encoding   

  8  0:00  SCV  
  9  0:12  SCV  
  10  0:24  SCV  
  11  0:36  SCV  
  11  0:42  Supply Depot  
  12  0:49  SCV  
  13  1:04  SCV  
  14  1:16  SCV  
  15  1:20  Barracks  
  15  1:38  SCV  
  16  1:46  Barracks  
  16  1:51  SCV  
  17  2:05  SCV  
  17  2:06  Supply Depot  
  18  2:16  Marine  
  18  2:17  SCV  
  20  2:27  Barracks  
  20  2:29  SCV, Barracks  
  20  2:41  SCV  
  20  2:43  Marine x2  
  23  2:53  SCV  
  24  3:03  Supply Depot  
  25  3:05  SCV  
  25  3:06  Marine  
  25  3:07  Marine  
  27  3:17  SCV  
  27  3:18  Marine  
  29  3:24  Marine  
  30  3:34  Command Center  
  30  3:37  Marine  
  30  3:38  Marine x2  
  33  3:46  Refinery  
  33  3:49  Marine, Refinery  
  33  3:50  SCV  
  35  4:00  Marine x2  
  37  4:12  Supply Depot  
  37  4:14  Supply Depot  
  37  4:33  Marine x2  
  37  4:34  SCV  
  42  4:40  Barracks Tech Lab  
  42  4:43  Barracks Reactor  
  40  4:49  SCV x2  
  42  5:01  Factory  
  42  5:05  Marine x3, Supply Depot  
  42  5:06  SCV x2  
  47  5:15  Engineering Bay  
  47  5:17  Combat Shield  
  47  5:22  SCV  
  47  5:23  SCV  
  47  5:27  Marine  
  50  5:36  Orbital Command  
  50  5:38  SCV  
  51  5:52  Marine x2  
  51  5:53  Marine x2, SCV  
  56  6:07  Marine  
  56  6:08  SCV x2  
  59  6:19  Marine x2  
  59  6:20  Marine x2  
  63  6:37  Marine, SCV  
  63  6:38  SCV  
  66  6:58  Marine x3  
  66  6:59  Marine, SCV  
  73  7:01  Widow Mine  
  73  7:02  SCV  
  73  7:03  Stimpack  
  74  7:12  Sensor Tower  
  74  7:14  Starport  
  74  7:15  Starport  
  74  7:16  Starport  
  74  7:34  Supply Depot  
  74  7:36  Supply Depot  
  74  7:43  Supply Depot  
  74  7:44  Supply Depot  
  74  7:47  Missile Turret  
  74  7:56  SCV x2, Widow Mine  
  78  7:59  Viking x3  
  84  8:10  Missile Turret x2  
  84  8:11  Missile Turret  
  84  8:15  Sensor Tower  
  84  8:20  SCV x2  
  84  8:21  Missile Turret  
  84  8:25  Missile Turret  
  86  8:33  Missile Turret, Viking x2  
  86  8:34  Viking, Marine, Missile Turret  
  93  8:42  Missile Turret  
  93  8:48  Missile Turret  
  93  8:55  SCV x2, Missile Turret  
  95  8:57  Marine x4  
  99  9:07  SCV x2  
  101  9:15  Medivac x2  
  105  9:34  Command Center  
  105  9:37  SCV  
  106  9:40  Missile Turret x2  
  106  9:43  Missile Turret  
  106  9:45  Missile Turret, Medivac, SCV  
  106  9:48  Supply Depot x2  
  106  9:49  Supply Depot, Terran Infantry Weapons Level 1  
  106  9:50  Supply Depot  
  111  9:53  Widow Mine  
  80  10:29  Widow Mine  
  80  10:30  Liberator  
  80  10:32  Marine x5  
  80  10:34  SCV x2  
  90  10:49  Marine  
  85  10:50  Marine x2, Widow Mine  
  72  11:05  Marine, Marauder  
  72  11:07  Viking x2, Marine x2  
  72  11:08  Marine  
  82  11:11  Widow Mine  
  82  11:22  Marine  
  82  11:25  Marine  
  83  11:27  Viking  
  86  11:41  Marine x4  
  86  11:43  Terran Infantry Armor Level 1  
  90  11:52  Starport Reactor x2  
  90  11:55  Barracks  
  90  11:57  Barracks  
  90  11:59  Barracks  
  90  12:00  Widow Mine  
  90  12:01  Barracks  
  92  12:13  Viking  
  94  12:18  Barracks Reactor  
  94  12:21  Widow Mine  
  96  12:33  Armory  
  96  12:35  SCV  
  96  12:36  Engineering Bay  
  98  12:40  SCV  
  98  12:43  Widow Mine, Orbital Command  
  100  12:55  Barracks Reactor x2  
  100  13:02  Refinery  
  100  13:03  Starport Reactor  
  100  13:04  Widow Mine, Refinery  
  102  13:16  Barracks Reactor x2  
  102  13:17  Refinery, Marine x2  
  102  13:18  Marine x4  
  108  13:21  Refinery  
  108  13:35  Marine  
  109  13:51  Marine x4  
  109  13:52  Marine  
  114  14:01  Widow Mine, Viking x4  
  114  14:02  Marine x5  
  128  14:03  Marine  
  128  14:17  Viking x2  
  128  14:22  Marine x6, Widow Mine  
  128  14:23  Marine x5  
  128  14:24  Marine x3  
  141  14:25  SCV x3  
  143  14:39  Marine  
  143  14:40  Marine x3  
  141  15:14  Widow Mine  
  141  15:20  Marine x5  
  141  15:21  Marine x6  
  148  15:22  Marine x3  
  148  15:27  Viking x2  
  159  15:38  Supply Depot  
  159  15:39  Supply Depot x2  
  159  15:41  Supply Depot x2  
  159  15:44  Terran Infantry Weapons Level 2, Supply Depot  
  159  15:45  Supply Depot  
  159  15:48  Terran Infantry Armor Level 2  
  159  16:00  Marine x3, Viking x3  
  159  16:01  Viking, Widow Mine  
  172  16:07  Marine x6  
  172  16:08  Marine x5  
  172  16:10  Medivac x2  
  187  16:17  Marine x2  
  189  16:18  Marine  
  189  16:22  Widow Mine  
  189  16:24  Marine x2  
  189  16:25  Marine x5  
  191  16:44  Widow Mine  
  163  17:05  Widow Mine  
  136  17:39  Marine x6  
  136  17:40  Marine x5  
  136  17:41  Medivac x2  
  136  17:42  Medivac x2, Viking x2  
  159  17:44  Widow Mine, Marine x2  
  159  17:45  Marine  
  162  17:56  Marine  
  162  17:57  Marine x4  
  169  18:06  Widow Mine  
  169  18:11  Viking x2  
  173  18:17  Marine x5  
  173  18:18  Marine x2  
  182  18:27  Widow Mine, Marine  
  182  18:28  Marine x2  
  187  18:48  Widow Mine  
  182  19:12  Marine x2  
  182  19:13  Marine x5  
  182  19:14  Marine  
  183  19:22  Marine x2  
  162  19:32  Medivac  
  98  20:05  Marine  
  98  20:06  Marine x5  
  98  20:45  Orbital Command  
  98  20:56  Widow Mine  
  98  20:57  Marine  
  99  21:17  Widow Mine  
  99  21:24  Marine  
  99  21:25  Marine x4  
  102  21:38  Widow Mine  
  103  21:53  Marine x5  
  103  21:54  Marine  
  104  22:00  Widow Mine  
  103  22:17  Marine x3  
  103  22:18  Marine x5  
  103  22:19  Marine  
  112  22:29  Marine x5  
  116  22:31  Medivac  
  116  22:32  Medivac x3, Viking x2  
  116  22:34  Widow Mine  
  116  22:35  Marine x4  
  116  22:36  Marine  
  136  22:44  Marine x4  
  136  22:47  Marine x2  
  142  22:57  Marine x2  
  142  22:58  Marine x6  
  148  23:34  Marine x6  
  148  23:35  Marine x2  
  149  23:53  Orbital Command  
  141  24:06  Marine x4  
  141  24:07  Marine x3  
  141  24:08  Medivac x4  
  141  24:09  Hellion  
  156  24:11  Viking x2  
  160  24:30  Hellion  
  133  24:52  Hellion  
  133  24:53  Medivac x3  
  133  24:54  Medivac x3, Marine x2  
  133  24:55  Marine x5  
  133  24:56  Marine x3  
  153  25:13  Widow Mine  
  155  25:23  Liberator x2  
  155  25:34  Widow Mine  
  153  25:42  Medivac x2, Viking x2  
  157  25:43  Marine x3  
  162  25:53  Terran Infantry Weapons Level 3  
  152  26:06  Viking x2  
  148  26:20  Medivac x3  
  148  26:21  Marine x3  
  148  26:22  Marine x3  
  158  26:39  Terran Infantry Armor Level 3  
  158  26:41  Terran Ship Weapons Level 1  
  158  26:52  Marine x4  
  158  26:53  Marine x4  
  157  27:25  Marine  
  157  27:26  Marine x5  
  157  27:27  Marine x5  
  156  28:29  Marine x5  
  156  28:30  Marine x5  
  156  28:31  Marine x4  
  156  28:32  Medivac x2  
  174  28:47  Marine x5  
Show
View Real Time Build Order
Export as new Build Order

DykeSukuru Protoss - Winner!

Build Orders: Double Forge 

Get SALT Encoding   

  8  0:00  Probe (Chrono Boost)  
  9  0:11  Probe (Chrono Boost)  
  10  0:23  Pylon  
  10  0:28  Probe  
  11  0:40  Probe  
  12  0:51  Gateway  
  12  0:56  Probe (Chrono Boost)  
  13  1:08  Probe (Chrono Boost)  
  14  1:16  Probe (Chrono Boost)  
  15  1:23  Probe  
  16  1:45  Nexus  
  16  1:47  Probe  
  17  1:59  Probe  
  18  2:02  Assimilator  
  18  2:06  Cybernetics Core  
  18  2:12  Assimilator, Probe  
  19  2:24  Pylon  
  19  2:25  Probe  
  20  2:37  Probe  
  21  2:50  Probe (Chrono Boost)  
  21  2:51  Warp Gate  
  22  2:59  Probe (Chrono Boost)  
  24  3:07  Probe (Chrono Boost)  
  24  3:09  Probe (Chrono Boost)  
  25  3:14  Probe x2 (Chrono Boost)  
  25  3:18  Forge  
  27  3:22  Pylon  
  27  3:25  Pylon, Probe x2  
  29  3:37  Probe x2  
  31  3:42  Twilight Council  
  31  3:46  Forge  
  31  3:50  Probe  
  31  3:54  Protoss Ground Weapons Level 1  
  32  3:58  Probe  
  34  4:03  Probe (Chrono Boost)  
  34  4:07  Pylon  
  34  4:10  Probe (Chrono Boost), Pylon  
  35  4:18  Charge  
  35  4:20  Probe (Chrono Boost)  
  35  4:22  Probe (Chrono Boost)  
  37  4:25  Probe (Chrono Boost)  
  37  4:28  Assimilator  
  38  4:32  Probe  
  38  4:35  Protoss Shields Level 1  
  38  4:36  Probe  
  40  4:44  Probe  
  41  4:48  Probe  
  41  4:51  Photon Cannon  
  42  4:55  Photon Cannon  
  42  4:57  Probe (Chrono Boost)  
  43  5:01  Probe (Chrono Boost), Photon Cannon  
  43  5:05  Photon Cannon  
  44  5:12  Probe (Chrono Boost)  
  46  5:15  Probe (Chrono Boost)  
  46  5:17  Probe (Chrono Boost)  
  47  5:25  Nexus  
  47  5:28  Assimilator  
  47  5:37  Gateway  
  47  5:38  Gateway  
  47  5:40  Gateway  
  47  5:41  Gateway  
  47  5:44  Pylon  
  47  5:48  Pylon  
  47  5:52  Probe  
  48  6:00  Protoss Ground Weapons Level 2  
  49  6:04  Probe  
  49  6:16  Probe  
  50  6:18  Zealot  
  50  6:21  Probe  
  53  6:33  Probe  
  54  6:42  Zealot x3  
  54  6:43  Zealot x2  
  54  6:46  Probe  
  54  6:47  Blink  
  65  6:58  Pylon x2  
  65  6:59  Pylon  
  65  7:00  Probe (Chrono Boost)  
  65  7:01  Pylon  
  66  7:02  Probe (Chrono Boost), Pylon  
  66  7:03  Pylon  
  67  7:09  Sentry  
  67  7:10  Zealot x2  
  67  7:11  Zealot x2  
  67  7:13  Probe (Chrono Boost)  
  67  7:14  Probe (Chrono Boost)  
  79  7:17  Probe (Chrono Boost)  
  79  7:22  Probe  
  81  7:24  Gateway  
  81  7:25  Gateway  
  81  7:27  Gateway  
  81  7:28  Probe  
  81  7:29  Gateway  
  82  7:31  Gateway  
  82  7:34  Gateway  
  82  7:36  Gateway  
  83  7:37  Probe (Chrono Boost)  
  83  7:39  Probe (Chrono Boost)  
  84  7:47  Shield Battery  
  84  7:49  Probe (Chrono Boost)  
  84  7:50  Photon Cannon  
  85  7:51  Photon Cannon  
  85  7:54  Probe (Chrono Boost)  
  86  8:00  Photon Cannon  
  86  8:02  Stalker  
  86  8:03  Stalker x4  
  80  8:14  Pylon  
  80  8:31  Zealot x2  
  80  8:32  Zealot x4  
  92  8:34  Zealot  
  92  8:35  Zealot  
  92  8:36  Zealot  
  98  8:54  Zealot x2  
  98  8:55  Zealot x5  
  108  8:56  Zealot  
  108  9:00  Zealot  
  66  9:32  Stalker x5  
  66  9:33  Stalker x4  
  66  9:34  Stalker  
  66  9:35  Protoss Ground Weapons Level 3 (Chrono Boost)  
  86  9:40  Protoss Shields Level 2 (Chrono Boost)  
  86  10:06  Stalker x2  
  90  10:10  Nexus  
  90  10:12  Pylon  
  90  10:15  Pylon  
  90  10:19  Probe x3  
  93  10:31  Probe x3  
  93  10:34  Stalker  
  93  10:35  Stalker x4  
  104  10:36  Stalker  
  108  10:43  Probe  
  109  10:51  Stalker x3  
  109  10:52  Stalker  
  109  10:53  Stalker  
  119  10:57  Stalker  
  119  11:01  Probe (Chrono Boost)  
  122  11:11  Probe (Chrono Boost)  
  123  11:12  Stalker x2  
  123  11:15  Probe (Chrono Boost)  
  123  11:18  Stalker  
  130  11:27  Probe  
  130  11:29  Stalker  
  133  11:37  Probe, Assimilator  
  134  11:42  Assimilator  
  134  11:49  Probe  
  135  12:01  Stalker x2  
  135  12:02  Stalker x2  
  135  12:03  Probe (Chrono Boost)  
  135  12:06  Assimilator  
  144  12:09  Probe (Chrono Boost)  
  144  12:10  Assimilator  
  145  12:18  Probe (Chrono Boost)  
  145  12:20  Nexus  
  145  12:22  Pylon  
  146  12:23  Probe (Chrono Boost)  
  146  12:24  Pylon  
  146  12:25  Probe  
  146  12:28  Stalker x2  
  146  12:29  Stalker x4  
  160  12:32  Stalker  
  160  12:35  Stalker  
  164  12:46  Assimilator  
  164  12:55  Stalker x4  
  164  12:56  Stalker x3  
  164  12:58  Stalker  
  179  14:00  Stalker x2  
  179  14:01  Stalker x2  
  187  14:18  Robotics Facility x2  
  187  14:30  Pylon  
  187  14:34  Pylon  
  187  14:36  Photon Cannon  
  187  14:39  Photon Cannon  
  187  14:41  Photon Cannon  
  187  14:43  Photon Cannon  
  119  15:31  Stalker x2  
  119  15:32  Stalker x6  
  119  15:33  Stalker x4  
  89  15:39  Observer  
  90  15:46  Protoss Ground Armor Level 1, Protoss Shields Level 3  
  90  15:56  Observer  
  91  16:01  Stalker x5  
  91  16:02  Stalker x4  
  91  16:03  Stalker x3  
  115  16:25  Stalker x2  
  115  16:26  Stalker x4  
  115  16:27  Stalker x2  
  115  16:28  Stalker x4  
  139  16:37  Nexus  
  139  16:39  Pylon  
  139  16:41  Pylon  
  139  16:43  Pylon  
  139  16:45  Assimilator  
  139  16:50  Assimilator  
  139  17:10  Stalker x2  
  139  17:11  Stalker x6  
  139  17:12  Stalker x3  
  139  17:15  Stalker  
  134  18:08  Stalker x5  
  134  18:09  Stalker x5  
  134  18:10  Stalker x2  
  104  18:52  Stalker x5  
  110  19:17  Nexus  
  110  19:33  Pylon  
  110  19:40  Stalker x5  
  110  19:41  Stalker x4  
  110  19:42  Stalker x2  
  130  19:59  Photon Cannon  
  128  20:14  Stalker x2  
  128  20:15  Stalker x2  
  128  20:17  Stalker  
  130  20:32  Stalker x2  
  132  21:23  Nexus  
  132  21:33  Observer  
  132  21:37  Stalker  
  132  21:38  Stalker x7  
  132  21:39  Stalker x3  
  155  21:45  Pylon  
  155  21:49  Pylon  
  155  21:50  Stalker  
  155  21:51  Observer  
  158  22:07  Probe (Chrono Boost)  
  159  22:13  Assimilator  
  159  22:17  Probe (Chrono Boost)  
  159  22:22  Probe (Chrono Boost)  
  160  22:26  Assimilator, Stalker  
  160  22:27  Stalker x5  
  160  22:28  Stalker x2  
  160  22:29  Stalker  
  155  23:06  Probe (Chrono Boost)  
  155  23:09  Stalker x4  
  155  23:10  Stalker x4  
  155  23:11  Stalker x3  
  174  23:15  Probe (Chrono Boost)  
  163  23:20  Probe (Chrono Boost)  
  104  24:46  Stalker x5  
  104  24:47  Stalker x6  
  104  24:48  Stalker  
  126  25:16  Stalker x4  
  126  25:17  Stalker x5  
  126  25:18  Stalker x3  
  136  25:42  Stalker x4  
  142  25:43  Stalker x4  
  142  25:44  Stalker x2  
  140  25:57  Nexus  
  132  26:28  Assimilator  
  132  26:30  Pylon  
  132  26:32  Probe  
  133  26:33  Pylon  
  119  26:44  Probe  
  114  26:53  Nexus  
  102  26:56  Probe  
  91  27:15  Stalker x5  
  91  27:16  Stalker x3  
  79  27:43  Stalker  
  79  27:44  Stalker x5  
  79  27:45  Stalker  
  79  27:48  Stalker  
  91  27:52  Stalker  
  93  28:10  Stalker x3  
  93  28:11  Stalker x2  
  103  28:14  Stalker  
  105  28:30  Stalker x5  
  105  28:32  Stalker  
  117  28:40  Stalker x3  
  123  29:26  Stalker x3  
  123  29:27  Stalker x6  
  123  29:28  Stalker x3  
Show
View Real Time Build Order
Export as new Build Order

Foligt Terran - Winner!

Build Orders:  

Get SALT Encoding   

  8  0:00  SCV  
  9  0:12  SCV  
  10  0:25  SCV  
  11  0:37  SCV  
  12  0:49  SCV, Supply Depot  
  13  1:10  SCV  
  14  1:15  Barracks  
  14  1:20  Refinery  
  14  1:22  Refinery  
  14  1:23  SCV  
  15  1:35  SCV  
  16  1:47  SCV  
  17  1:54  Supply Depot  
  17  1:59  SCV  
  18  2:11  SCV  
  19  2:23  SCV  
  20  2:35  Engineering Bay, SCV  
  21  2:37  Engineering Bay  
  21  2:47  SCV  
  22  2:59  SCV  
  22  3:02  Terran Infantry Weapons Level 1  
  22  3:04  Terran Infantry Armor Level 1  
  23  3:08  Supply Depot  
  24  3:12  SCV  
  24  3:25  Ghost Academy  
  24  3:26  SCV  
  25  3:38  Factory  
  25  3:39  SCV  
  26  3:51  SCV  
  26  3:54  Personal Cloaking  
  27  4:03  SCV  
  28  4:16  SCV  
  29  4:28  SCV, Armory  
  30  4:40  SCV  
  30  4:42  Command Center  
  31  5:45  Nuke  
  31  5:50  Barracks  
  31  5:52  Barracks  
  31  5:56  Refinery  
  31  5:57  SCV  
  32  6:07  Barracks Tech Lab  
  32  6:09  SCV  
  32  6:21  SCV  
  33  6:33  SCV  
  33  6:34  Ghost  
  36  6:42  Supply Depot  
  36  6:43  Supply Depot  
  36  6:44  SCV  
  36  6:45  SCV  
  36  6:46  Barracks Tech Lab x2  
  38  6:56  Missile Turret  
  38  6:57  SCV x2  
  40  7:02  Ghost  
  40  7:07  Ghost  
  44  7:09  SCV  
  44  7:10  Ghost  
  47  7:16  Missile Turret  
  47  7:21  SCV  
  48  7:30  SCV, Supply Depot  
  48  7:31  Ghost  
  48  7:33  SCV  
  52  7:38  Refinery  
  52  7:42  SCV  
  53  7:44  Starport  
  53  7:45  SCV  
  53  7:50  Starport  
  54  7:54  SCV  
  54  7:58  SCV  
  56  8:00  Missile Turret  
  56  8:05  Ghost  
  56  8:06  SCV  
  59  8:31  Ghost  
  59  8:32  Ghost  
  59  8:34  Ghost  
  54  8:45  SCV  
  55  8:57  SCV  
  56  9:07  Ghost x2  
  56  9:08  Terran Infantry Weapons Level 2  
  56  9:09  SCV  
  61  9:13  Terran Infantry Armor Level 2  
  61  9:21  SCV  
  62  9:32  Ghost  
  62  9:33  SCV  
  66  9:45  SCV  
  65  9:57  SCV  
  66  10:09  SCV  
  67  10:15  Command Center  
  67  10:22  Ghost  
  67  10:24  Medivac x2  
  73  11:26  Ghost x3, Medivac x2  
  73  11:29  Supply Depot  
  83  11:33  Supply Depot  
  83  11:47  SCV  
  84  11:54  SCV, Ghost x2  
  84  11:55  Supply Depot  
  84  11:56  Medivac x2  
  93  12:04  Refinery  
  93  12:06  SCV  
  94  12:18  SCV  
  94  12:19  Ghost  
  97  12:26  Medivac  
  99  12:30  SCV  
  100  12:43  SCV  
  101  12:46  Ghost  
  103  12:54  Refinery  
  103  12:55  SCV  
  103  12:56  Medivac  
  106  13:07  SCV  
  107  13:19  SCV  
  108  13:31  SCV  
  99  13:43  SCV  
  90  13:52  Orbital Command  
  90  13:55  SCV  
  88  14:07  SCV  
  84  14:19  SCV  
  85  14:31  SCV  
  87  14:43  Ghost x2, SCV  
  91  14:56  SCV  
  92  15:08  SCV  
  92  15:09  Terran Infantry Weapons Level 3  
  93  15:20  SCV  
  94  15:32  SCV  
  95  15:44  SCV, Ghost  
  98  16:07  Supply Depot  
  98  16:28  Ghost, SCV  
  98  16:31  Supply Depot  
  65  19:34  Ghost  
  61  19:44  Ghost  
  61  20:51  Supply Depot  
  61  21:10  Supply Depot  
  61  21:12  Ghost x3  
  61  21:13  Supply Depot  
  61  21:14  Supply Depot  
  61  21:16  Supply Depot  
  67  21:18  Supply Depot  
  67  21:22  Supply Depot  
  67  21:25  Supply Depot  
  67  21:35  Supply Depot  
  67  21:41  Ghost x3  
  67  21:44  Supply Depot  
  72  21:48  Supply Depot  
  69  22:09  Ghost x3  
  61  22:38  Ghost x3  
  67  22:51  SCV  
  69  23:06  Ghost x3  
  69  23:10  Orbital Command  
  74  23:35  Ghost x3  
  80  24:03  Ghost x3  
  83  24:32  Ghost x3  
  86  24:40  Supply Depot  
  82  25:00  Ghost x3  
  82  25:03  Supply Depot, Command Center  
  88  25:29  Ghost  
Show
View Real Time Build Order
Export as new Build Order

Vexendock Protoss - Winner!

Build Orders:  

Get SALT Encoding   

  8  0:00  Probe (Chrono Boost)  
  9  0:11  Probe (Chrono Boost)  
  10  0:18  Probe  
  11  0:30  Probe  
  11  0:35  Pylon  
  12  0:42  Probe  
  13  0:54  Probe (Chrono Boost)  
  14  1:08  Probe (Chrono Boost)  
  15  1:15  Probe (Chrono Boost)  
  16  1:30  Nexus  
  16  1:33  Probe  
  17  1:42  Gateway  
  17  1:46  Assimilator  
  17  1:52  Assimilator  
  17  1:56  Probe  
  18  2:09  Probe (Chrono Boost)  
  19  2:21  Probe (Chrono Boost)  
  20  2:31  Cybernetics Core  
  20  2:32  Cybernetics Core  
  20  2:33  Probe  
  21  2:49  Probe (Chrono Boost)  
  21  2:50  Probe (Chrono Boost)  
  23  2:56  Probe (Chrono Boost)  
  25  2:58  Probe (Chrono Boost)  
  25  3:08  Stargate  
  25  3:14  Forge  
  25  3:18  Probe  
  25  3:19  Pylon  
  26  3:30  Probe (Chrono Boost)  
  28  3:42  Probe (Chrono Boost)  
  29  3:50  Probe (Chrono Boost)  
  29  3:51  Void Ray  
  33  3:57  Probe (Chrono Boost)  
  33  4:00  Robotics Facility  
  33  4:02  Probe (Chrono Boost)  
  35  4:14  Probe  
  36  4:26  Probe  
  27  7:46  Probe (Chrono Boost)  
  28  7:57  Probe (Chrono Boost)  
  29  8:00  Protoss Air Armor Level 1, Stargate  
  29  8:01  Probe (Chrono Boost)  
  29  8:02  Protoss Air Weapons Level 1  
  29  8:03  Stargate, Protoss Shields Level 1  
  29  8:05  Stargate  
  30  8:07  Stargate  
  30  8:10  Stargate  
  30  8:13  Probe  
  31  8:25  Probe  
  32  8:41  Void Ray  
  36  8:46  Fleet Beacon  
  36  8:48  Twilight Council  
  36  8:54  Assimilator  
  36  8:58  Assimilator  
  36  9:23  Nexus  
  36  9:27  Assimilator  
  36  9:31  Flux Vanes, Assimilator  
  36  9:33  Probe (Chrono Boost)  
  37  9:43  Probe (Chrono Boost)  
  38  9:48  Probe (Chrono Boost)  
  39  9:59  Probe  
  40  10:11  Probe  
  41  10:15  Assimilator  
  41  10:35  Probe (Chrono Boost)  
  42  10:45  Probe (Chrono Boost)  
  42  10:46  Void Ray x3  
  51  11:21  Pylon  
  51  11:24  Pylon  
  51  11:30  Nexus  
  51  11:33  Assimilator  
  51  11:36  Void Ray  
  51  11:38  Assimilator  
  51  11:44  Protoss Air Weapons Level 2  
  55  11:48  Protoss Air Armor Level 2  
  55  12:01  Probe (Chrono Boost)  
  56  12:09  Protoss Shields Level 2 (Chrono Boost)  
  56  12:12  Probe (Chrono Boost)  
  57  12:16  Probe (Chrono Boost)  
  58  12:27  Pylon  
  58  12:29  Pylon  
  58  12:30  Pylon  
  58  12:32  Pylon  
  58  12:35  Pylon  
  58  12:41  Pylon, Void Ray  
  58  12:43  Pylon  
  63  12:44  Pylon  
  63  12:45  Probe (Chrono Boost)  
  63  12:46  Probe (Chrono Boost)  
  64  12:55  Probe (Chrono Boost)  
  64  12:57  Probe (Chrono Boost)  
  66  13:00  Probe (Chrono Boost)  
  67  13:12  Probe  
  68  13:24  Probe  
  65  13:27  Observer (Chrono Boost)  
  66  13:36  Probe  
  65  14:26  Protoss Air Armor Level 3  
  65  14:28  Protoss Air Weapons Level 3  
  65  14:36  Protoss Shields Level 3 (Chrono Boost)  
  65  14:44  Nexus  
  65  14:54  Probe (Chrono Boost)  
  66  15:04  Probe (Chrono Boost)  
  75  15:10  Void Ray x3  
  75  15:13  Probe (Chrono Boost), Mothership (Chrono Boost)  
  88  15:25  Nexus  
  88  15:27  Assimilator  
  88  15:32  Assimilator  
  88  15:56  Probe (Chrono Boost)  
  89  16:06  Probe (Chrono Boost)  
  89  16:11  Probe (Chrono Boost)  
  90  16:14  Void Ray x2  
  99  16:22  Probe  
  100  16:34  Probe  
  101  16:53  Void Ray x3  
  101  17:18  Probe  
  102  17:30  Probe  
  91  17:42  Probe  
  73  17:54  Probe  
  73  18:04  Void Ray x6  
  97  18:06  Probe  
  97  18:10  Probe  
  99  18:18  Probe  
  100  18:23  Probe  
  101  18:31  Probe  
  102  19:05  Stargate  
  102  19:08  Stargate  
  102  19:11  Stargate  
  102  19:41  Void Ray  
  106  19:45  Void Ray x2  
  106  19:46  Void Ray x2  
  118  20:24  Void Ray  
  122  20:28  Void Ray  
  118  21:01  Void Ray x5  
  118  21:02  Void Ray  
  142  21:30  Probe (Chrono Boost)  
  143  21:39  Probe (Chrono Boost)  
  144  21:44  Probe  
  145  22:05  Observer  
  126  22:54  Void Ray x5  
  146  23:02  Pylon  
  146  23:06  Pylon  
  146  23:08  Pylon  
  146  23:09  Pylon  
  146  23:11  Pylon x2, Void Ray x2  
  40  24:59  Void Ray x5  
  60  25:00  Void Ray x2  
  56  26:03  Void Ray  
  60  26:04  Void Ray  
  44  28:13  Nexus  
Show
View Real Time Build Order
Export as new Build Order

james Zerg 

Build Orders: Pool First 

Get SALT Encoding   

  8  0:03  Drone  
  9  0:15  Drone  
  9  0:18  Drone  
  11  0:24  Drone  
  12  0:31  Extractor  
  12  0:33  Drone  
  12  0:43  Overlord  
  12  0:52  Extractor  
  12  0:54  Drone  
  12  1:04  Drone  
  13  1:22  Drone x2  
  15  1:31  Drone  
  16  1:39  Spawning Pool, Drone  
  16  1:53  Drone  
  17  1:57  Drone  
  18  2:05  Drone  
  19  2:28  Zergling x2  
  20  2:30  Overlord  
  20  2:39  Hatchery  
  20  2:41  Lair  
  19  2:45  Drone  
  20  2:55  Drone  
  20  2:56  Drone  
  22  3:07  Overlord  
  22  3:16  Drone  
  23  3:31  Drone  
  24  3:49  Spire  
  24  3:53  Drone x2  
  24  3:54  Spire  
  24  3:58  Overseer  
  24  4:01  Queen  
  24  4:02  Drone x2  
  28  4:12  Queen  
  30  4:21  Spore Crawler  
  29  4:26  Spore Crawler, Drone  
  29  4:29  Drone  
  30  4:52  Extractor  
  29  4:59  Drone x3, Extractor  
  31  5:03  Mutalisk x3  
  37  5:15  Overlord  
  37  5:20  Zerg Flyer Weapons Level 1  
  37  5:22  Zerg Flyer Armor Level 1  
  37  5:33  Drone x2  
  37  5:34  Drone x2  
  41  5:40  Overlord  
  41  5:48  Overseer  
  41  6:07  Mutalisk  
  41  6:08  Mutalisk x2  
  41  6:09  Mutalisk  
  49  6:13  Mutalisk  
  51  6:31  Drone x4  
  51  6:32  Drone  
  56  6:33  Overlord  
  56  7:01  Mutalisk x3  
  62  7:14  Zerg Flyer Weapons Level 2  
  62  7:17  Zerg Flyer Armor Level 2  
  62  7:34  Mutalisk  
  62  7:35  Overlord  
  62  7:36  Overlord  
  64  8:57  Corruptor x5  
  64  8:58  Corruptor  
  72  9:41  Infestation Pit  
  72  9:44  Mutalisk x3  
  77  9:53  Drone x3  
  77  9:55  Overlord x4  
  77  9:56  Overlord  
  80  10:35  Mutalisk x6  
  84  11:34  Hive  
  84  11:56  Hatchery  
  83  12:04  Corruptor x3  
  89  12:14  Corruptor x6  
  101  12:20  Pneumatized Carapace  
  101  12:25  Hatchery  
  101  12:27  Mutalisk  
  101  12:28  Mutalisk  
  104  12:50  Corruptor  
  104  12:51  Corruptor x2  
  80  13:36  Mutalisk x3  
  80  13:39  Mutalisk x3  
  92  13:45  Drone  
  93  13:57  Greater Spire  
  93  14:02  Mutalisk  
  95  14:10  Extractor  
  94  14:18  Drone x3  
  97  14:42  Extractor  
  96  14:58  Mutalisk x3  
  102  15:42  Metabolic Boost  
  102  15:49  Brood Lord  
  104  16:02  Hatchery  
  103  16:09  Zergling x10  
  103  16:10  Zergling x2  
  109  16:13  Zergling x10  
  114  16:19  Zergling x2  
  114  16:20  Zergling x10  
  120  16:27  Nydus Network  
  119  16:58  Overlord x5  
  119  16:59  Overlord  
  119  17:07  Zerg Flyer Weapons Level 3  
  67  18:29  Zergling x4  
  67  18:30  Zergling x2  
  70  18:45  Zergling x4  
  70  18:46  Zergling x12  
  79  18:54  Zergling x10  
  79  18:55  Zergling x6  
  78  19:17  Zergling x6  
  72  19:32  Zergling x2  
  72  19:33  Zergling x4  
  58  20:52  Zergling x6  
  61  21:02  Mutalisk  
  61  21:03  Mutalisk x2  
  67  21:15  Drone x2  
  69  21:26  Hatchery  
  68  21:33  Hatchery  
  67  21:41  Roach Warren  
  67  21:46  Lair  
  66  22:45  Hatchery  
  66  22:49  Hatchery  
  64  23:05  Hydralisk Den  
  63  23:16  Roach x3  
  63  23:17  Roach x3  
  75  23:26  Drone  
  77  23:27  Drone x2  
  71  24:01  Hydralisk x3  
  77  24:04  Hydralisk  
  77  24:06  Hydralisk  
  81  24:10  Mutalisk, Hydralisk  
  81  24:11  Hydralisk x3  
  81  24:14  Hydralisk x5  
  81  24:15  Hydralisk  
  103  24:18  Roach x2  
  103  24:19  Roach x4  
  95  25:21  Hydralisk x3  
  95  25:25  Roach  
  95  25:26  Roach x2  
  107  25:28  Roach  
  107  25:29  Roach x2  
Show
View Real Time Build Order
Export as new Build Order

FunkySamurai Terran 

Build Orders:  

Get SALT Encoding   

  8  0:00  SCV  
  9  0:12  SCV  
  10  0:24  SCV  
  11  0:29  Supply Depot  
  11  0:36  SCV  
  12  0:50  SCV  
  13  0:58  Barracks  
  13  1:02  SCV  
  14  1:09  Refinery  
  14  1:14  SCV  
  15  1:26  SCV  
  16  1:40  Refinery, SCV  
  17  1:55  Barracks  
  17  2:01  Marine  
  18  2:02  SCV  
  19  2:14  Factory  
  19  2:15  SCV  
  20  2:28  Orbital Command  
  20  2:37  Supply Depot  
  20  2:46  Engineering Bay  
  20  2:50  Barracks Tech Lab  
  20  2:55  SCV  
  21  3:07  Starport  
  21  3:13  Stimpack  
  21  3:24  SCV  
  22  3:34  Supply Depot  
  22  3:35  Marine  
  22  3:36  Marine  
  24  3:53  Marine  
  24  3:54  Command Center  
  25  3:57  SCV  
  26  4:04  Medivac  
  26  4:07  Marine  
  26  4:09  SCV  
  30  4:20  Marine  
  31  4:31  SCV  
  31  4:37  Marine  
  33  4:40  Terran Infantry Weapons Level 1  
  33  4:43  Armory, SCV  
  33  4:44  Factory Tech Lab  
  34  4:51  Marine  
  34  4:52  Combat Shield  
  35  4:55  Marine  
  36  5:06  Siege Tank, SCV  
  40  5:09  Marine  
  40  5:11  Supply Depot  
  41  5:17  SCV  
  41  5:20  SCV  
  43  5:23  Marine  
  44  5:40  Barracks Reactor  
  44  5:48  Missile Turret  
  41  6:44  SCV x2  
  43  6:54  Missile Turret  
  43  6:56  SCV x2  
  43  6:57  Refinery  
  43  6:59  Refinery, Marine  
  43  7:00  Marine x2  
  43  7:01  Medivac  
  50  7:07  Siege Tank  
  50  7:08  Terran Vehicle Weapons Level 1, SCV x2  
  55  7:13  Armory  
  55  7:14  Missile Turret, Terran Infantry Weapons Level 2  
  55  7:17  Marine  
  55  7:18  Marine x2  
  55  7:20  Engineering Bay  
  58  7:23  Missile Turret  
  58  7:28  SCV  
  59  7:30  Supply Depot  
  59  7:31  SCV  
  60  7:38  Missile Turret  
  60  7:40  SCV  
  60  7:43  SCV  
  62  7:52  SCV  
  62  7:55  SCV  
  64  8:04  Missile Turret  
  64  8:15  Marine x3  
  67  8:20  Terran Vehicle And Ship Armor Level 1  
  67  8:21  Terran Infantry Armor Level 1  
  67  8:25  Missile Turret, Supply Depot  
  67  8:30  SCV x2  
  67  8:33  Marine  
  70  8:37  Siege Tank  
  73  8:42  SCV  
  73  8:47  SCV, Supply Depot  
  70  9:37  Starport Reactor  
  70  9:38  Siege Tank  
  73  9:43  Marine x2  
  73  9:44  Marine  
  76  9:52  Command Center  
  76  9:54  SCV x2  
  78  10:01  Marine x3  
  78  10:06  SCV x2  
  72  10:18  Marine  
  67  10:24  Marine x2  
  69  10:28  Siege Tank  
  69  10:31  Terran Vehicle Weapons Level 2, Terran Vehicle And Ship Armor Level 2  
  69  10:32  Terran Infantry Weapons Level 3, Terran Infantry Armor Level 2  
  72  10:44  Factory  
  72  10:49  Factory  
  72  10:58  Missile Turret  
  72  11:07  Missile Turret  
  72  11:11  Siege Tank  
  72  11:12  Marine x3  
  78  11:20  Missile Turret  
  78  11:22  Supply Depot  
  78  11:26  Missile Turret x2  
  78  11:29  Factory  
  78  11:30  Marine x3, Missile Turret  
  81  11:33  Liberator  
  81  11:34  Liberator  
  81  11:38  Factory Tech Lab x2  
  87  11:44  Supply Depot  
  87  11:47  Marine, Orbital Command  
  87  11:48  Marine x2  
  90  11:55  Missile Turret  
  90  11:59  Refinery  
  90  12:00  SCV x2, Refinery  
  92  12:05  Marine  
  92  12:06  Marine x2  
  92  12:08  Supply Depot  
  95  12:09  Missile Turret  
  95  12:12  SCV x2, Missile Turret  
  97  12:23  Marine x3  
  97  12:24  SCV x2  
  102  12:30  Supply Depot  
  102  12:33  SCV  
  102  12:34  Missile Turret  
  102  12:36  SCV x2  
  105  12:41  Marine  
  106  12:45  SCV  
  106  12:47  Missile Turret  
  106  12:48  Neosteel Armor, SCV  
  106  12:49  SCV  
  106  12:50  Missile Turret  
  109  12:54  Supply Depot  
  109  12:56  Thor  
  109  12:58  SCV  
  116  13:01  SCV  
  117  13:09  Hi-Sec Auto Tracking  
  117  13:22  Marine  
  117  13:23  Marine x2  
  120  13:27  Supply Depot  
  120  13:38  Thor  
  120  13:40  Marine x2  
  120  13:41  Marine, Orbital Command  
  129  13:53  Supply Depot  
  127  14:15  Command Center  
  116  14:32  Marine  
  116  14:33  Marine x2  
  116  14:36  Medivac x2  
  123  14:50  Marine x3  
  123  14:52  Supply Depot  
  126  15:06  Medivac x2  
  130  15:08  Marine, SCV  
  130  15:09  SCV x2  
  134  15:15  Supply Depot  
  134  15:21  SCV x2  
  104  15:29  Refinery  
  104  15:36  Medivac  
  104  15:37  Supply Depot  
  106  15:50  Supply Depot  
  106  16:12  Supply Depot  
  106  16:24  SCV  
  106  16:25  Orbital Command  
  107  16:26  SCV x2  
  109  16:40  Missile Turret  
  109  16:42  Terran Infantry Armor Level 3  
  109  16:43  Terran Vehicle Weapons Level 3  
  109  16:44  Terran Vehicle And Ship Armor Level 3  
  109  16:52  Refinery  
  109  16:55  Siege Tank x2  
  109  16:56  Thor  
  109  16:59  Missile Turret  
  109  17:01  Marine x3  
  124  17:16  Factory  
  124  17:19  Marine x3, Missile Turret  
  124  17:21  Factory  
  127  17:24  Missile Turret  
  127  17:27  Siege Tank x2  
  133  17:31  Missile Turret  
  133  17:34  Missile Turret  
  133  17:36  Marine  
  130  17:37  Missile Turret  
  130  17:38  Thor, Missile Turret  
  130  17:43  Supply Depot, Missile Turret  
  133  17:57  Missile Turret  
  131  18:03  Missile Turret  
  126  18:16  Missile Turret  
  126  18:21  Missile Turret  
  126  18:35  Missile Turret  
  126  18:37  Siege Tank x3  
  135  18:42  Factory Tech Lab x2  
  135  18:44  Missile Turret  
  135  18:47  Medivac  
  137  18:50  Liberator  
  137  18:54  Missile Turret  
  140  19:04  SCV  
  140  19:09  Siege Tank x2, Thor  
  153  19:13  Missile Turret  
  153  19:16  SCV  
  154  19:17  Liberator  
  157  19:33  Liberator  
  157  19:34  Missile Turret  
  159  19:41  Siege Tank  
  160  20:14  Missile Turret  
  160  20:26  Command Center  
  160  20:30  Siege Tank  
  160  20:31  Thor x2, Siege Tank, Factory  
  160  20:32  Thor  
  160  20:34  Missile Turret  
  184  20:41  Marine  
  184  20:42  Marine x2  
  187  20:59  Marine  
  187  21:00  Marine x2  
  190  21:07  Missile Turret  
  190  21:17  Marine, Starport  
  191  21:32  Missile Turret  
  191  21:52  Missile Turret  
  188  22:13  Missile Turret  
  112  22:39  Marine x3  
  112  22:40  Refinery  
  112  22:41  Thor  
  112  22:42  Thor x4  
  145  22:57  Marine x3  
  148  23:15  Marine x3  
  150  23:22  Factory Tech Lab  
  150  23:24  Thor x2  
  150  23:25  Thor x2  
  174  23:30  Starport Reactor, Factory  
  174  23:32  Marine  
  174  23:33  Marine x2  
  127  24:04  Marine  
  127  24:05  Marine x2  
  127  24:09  Barracks  
  122  24:22  Siege Tank x2, Marine x2  
  129  24:25  Marine  
  129  24:30  Medivac x2  
  134  24:31  Siege Tank  
  134  24:32  Siege Tank  
  134  24:35  Thor  
  134  24:40  Marine x2  
  134  24:43  Marine  
  137  24:58  Marine x2  
  139  25:01  Marine  
  136  25:16  Marine x2  
  136  25:18  Siege Tank  
  136  25:19  Marine  
  140  25:21  Siege Tank x2  
  120  25:37  Marine  
  102  25:48  Marine x2  
  85  25:50  Barracks Reactor  
  85  25:54  Siege Tank x2, Marine  
  85  25:55  Siege Tank  
  86  26:05  Marine  
  86  26:06  Marine  
  71  26:12  Marine  
  72  26:23  Marine  
  72  26:24  Marine  
  74  26:26  Thor  
  74  26:27  Siege Tank  
  74  26:30  Marine  
  84  26:39  Thor  
  84  26:41  Marine  
  79  26:53  Marine x3  
  79  26:54  Marine  
  73  26:58  Thor  
  73  26:59  Marine  
  53  27:11  Marine x4  
  56  27:18  Marine  
Show
View Real Time Build Order
Export as new Build Order

Liess Protoss 

Build Orders:  

Get SALT Encoding   

  8  0:20  Probe (Chrono Boost)  
  9  0:31  Probe (Chrono Boost)  
  10  0:35  Probe (Chrono Boost)  
  10  0:36  Pylon  
  11  0:46  Probe  
  12  0:59  Probe (Chrono Boost)  
  13  1:11  Probe (Chrono Boost)  
  15  1:19  Probe (Chrono Boost)  
  15  1:33  Nexus  
  16  1:40  Probe  
  16  1:52  Probe  
  17  2:04  Probe (Chrono Boost)  
  17  2:06  Forge  
  18  2:15  Assimilator  
  19  2:16  Probe (Chrono Boost)  
  19  2:22  Probe (Chrono Boost)  
  20  2:30  Probe  
  21  2:45  Probe  
  21  2:46  Assimilator  
  22  2:57  Probe  
  23  3:03  Gateway  
  23  3:09  Probe  
  24  3:21  Probe  
  25  3:30  Nexus  
  25  3:33  Probe (Chrono Boost)  
  26  3:45  Probe (Chrono Boost)  
  27  3:52  Probe (Chrono Boost)  
  27  3:53  Probe (Chrono Boost)  
  29  4:00  Probe (Chrono Boost)  
  31  4:05  Probe (Chrono Boost)  
  31  4:07  Probe (Chrono Boost)  
  31  4:08  Pylon  
  32  4:11  Cybernetics Core  
  32  4:12  Probe x2 (Chrono Boost)  
  34  4:19  Pylon  
  34  4:26  Probe x2  
  36  4:38  Probe x2  
  38  4:45  Assimilator x2  
  38  4:50  Probe x2  
  40  4:55  Stargate  
  40  4:57  Stargate  
  40  5:00  Stargate  
  40  5:02  Probe (Chrono Boost)  
  40  5:06  Probe (Chrono Boost)  
  42  5:12  Probe (Chrono Boost)  
  42  5:13  Probe (Chrono Boost)  
  44  5:20  Probe x2 (Chrono Boost)  
  44  5:21  Probe (Chrono Boost)  
  47  5:24  Assimilator, Probe (Chrono Boost)  
  47  5:28  Assimilator, Probe (Chrono Boost)  
  49  5:40  Probe (Chrono Boost)  
  49  5:41  Probe (Chrono Boost)  
  52  5:43  Probe (Chrono Boost)  
  52  5:46  Probe (Chrono Boost)  
  52  5:48  Probe (Chrono Boost)  
  52  5:49  Probe, Void Ray  
  59  5:50  Void Ray  
  63  6:11  Pylon  
  63  6:13  Pylon  
  63  6:16  Pylon  
  63  6:29  Probe x3  
  66  6:32  Void Ray  
  70  6:41  Probe (Chrono Boost)  
  73  6:47  Probe x2 (Chrono Boost)  
  73  6:49  Stargate  
  73  6:50  Probe (Chrono Boost)  
  73  6:53  Pylon x2  
  74  6:55  Probe  
  74  6:57  Pylon  
  75  7:07  Probe  
  76  7:11  Protoss Ground Weapons Level 1  
  76  7:14  Protoss Air Weapons Level 1, Twilight Council  
  76  7:15  Void Ray  
  80  7:24  Void Ray x2  
  88  7:58  Void Ray  
  92  8:17  Void Ray x3  
  92  8:19  Nexus  
  104  8:38  Nexus  
  104  8:41  Void Ray  
  104  8:48  Pylon  
  108  8:51  Pylon  
  108  9:06  Void Ray x2  
  108  9:09  Void Ray  
  120  9:13  Protoss Ground Armor Level 1  
  120  9:23  Protoss Air Armor Level 1  
  120  9:24  Void Ray  
  124  9:42  Probe  
  125  9:49  Void Ray x2  
  125  9:52  Void Ray  
  137  9:57  Probe (Chrono Boost)  
  137  9:58  Probe (Chrono Boost)  
  139  10:05  Photon Cannon  
  139  10:06  Photon Cannon  
  141  10:07  Void Ray  
  141  10:08  Probe (Chrono Boost)  
  141  10:10  Probe (Chrono Boost), Photon Cannon  
  141  10:13  Probe (Chrono Boost)  
  145  10:18  Probe  
  145  10:20  Photon Cannon  
  147  10:22  Photon Cannon  
  147  10:24  Probe  
  148  10:31  Probe  
  148  10:32  Void Ray  
  153  11:14  Protoss Shields Level 1  
  153  11:18  Assimilator  
  153  11:19  Assimilator  
  153  11:25  Assimilator  
  153  11:27  Assimilator  
  153  11:42  Pylon  
  153  11:45  Pylon  
  153  11:47  Pylon  
  153  11:50  Pylon  
  153  11:51  Pylon  
  153  11:53  Pylon  
  153  12:00  Void Ray x2  
  161  12:03  Void Ray, Probe  
  161  12:05  Void Ray  
  170  12:15  Probe  
  171  12:28  Probe  
  172  12:40  Probe, Void Ray (Chrono Boost)  
  172  12:41  Void Ray (Chrono Boost)  
  172  12:43  Void Ray (Chrono Boost)  
  181  12:45  Void Ray (Chrono Boost)  
  189  12:52  Probe  
  190  13:10  Twilight Council  
  190  13:12  Twilight Council  
  190  13:16  Protoss Ground Weapons Level 2, Void Ray x2  
  190  13:17  Templar Archives  
  194  15:05  Robotics Facility  
  194  15:08  Templar Archives  
  194  15:09  Fleet Beacon  
  170  15:40  Protoss Ground Armor Level 2  
  170  15:43  Void Ray x4  
  186  16:07  Protoss Air Armor Level 2  
  186  16:26  Void Ray x3  
  98  17:09  Void Ray x3  
  106  17:17  Void Ray (Chrono Boost)  
  110  17:49  Void Ray x3 (Chrono Boost)  
  110  17:57  Void Ray (Chrono Boost)  
  122  18:05  Protoss Shields Level 2  
  126  18:25  Void Ray x3  
  138  18:33  Void Ray  
  142  18:41  Protoss Air Weapons Level 2  
  138  19:08  Void Ray x3  
  150  19:16  Void Ray  
  121  19:56  Void Ray (Chrono Boost)  
  121  19:58  Void Ray x3 (Chrono Boost)  
  125  20:25  Stargate  
  125  20:26  Stargate  
  125  20:30  Protoss Ground Weapons Level 3, Stargate  
  125  20:32  Void Ray (Chrono Boost)  
  125  20:33  Stargate  
  125  20:34  Void Ray (Chrono Boost)  
  125  20:35  Void Ray x2 (Chrono Boost)  
  141  20:36  Stargate  
  141  20:37  Stargate  
  141  20:41  Stargate  
  141  20:45  Stargate  
  141  21:07  Void Ray (Chrono Boost)  
  141  21:08  Void Ray x3 (Chrono Boost)  
  157  21:29  Void Ray x5  
  157  21:30  Void Ray x3  
  189  21:39  Observer  
  190  21:48  Void Ray  
  190  21:50  Void Ray  
  120  24:33  Void Ray x3  
  120  24:34  Void Ray  
  83  24:58  Void Ray  
  73  25:16  Void Ray x3  
  73  25:17  Void Ray  
  89  25:21  Nexus  
  88  25:58  Observer  
  88  25:59  Void Ray x4  
  105  26:18  Void Ray  
  105  26:19  Void Ray x3  
  112  26:42  Void Ray x4  
  77  27:25  Void Ray x4  
  73  27:55  Void Ray x7  
  73  27:56  Void Ray  
  101  28:32  Pylon  
  101  28:35  Pylon, Void Ray x2 (Chrono Boost)  
  109  28:41  Cybernetics Core  
Show
View Real Time Build Order
Export as new Build Order

DeusDoloris Protoss 

Build Orders:  

Get SALT Encoding   

  8  0:01  Probe  
  9  0:13  Probe  
  10  0:29  Probe  
  10  0:34  Pylon  
  11  0:42  Probe (Chrono Boost)  
  12  0:54  Probe (Chrono Boost)  
  13  0:59  Probe (Chrono Boost)  
  14  1:08  Probe (Chrono Boost)  
  16  1:18  Probe (Chrono Boost)  
  16  1:23  Probe (Chrono Boost)  
  17  1:34  Probe  
  18  1:44  Nexus  
  18  1:46  Probe  
  19  1:56  Pylon  
  19  1:58  Probe  
  19  2:11  Probe  
  20  2:23  Probe  
  20  2:24  Assimilator  
  20  2:26  Gateway  
  21  2:34  Gateway  
  21  2:35  Probe  
  22  2:46  Forge  
  22  2:48  Probe (Chrono Boost)  
  23  2:56  Probe (Chrono Boost)  
  25  3:06  Assimilator, Probe (Chrono Boost)  
  25  3:11  Probe (Chrono Boost)  
  25  3:14  Zealot  
  28  3:22  Photon Cannon, Probe  
  28  3:23  Zealot  
  31  3:34  Probe (Chrono Boost)  
  32  3:44  Pylon, Probe (Chrono Boost)  
  32  3:48  Gateway  
  33  3:49  Probe (Chrono Boost)  
  34  3:55  Gateway  
  34  3:58  Zealot  
  34  4:01  Zealot, Probe  
  39  4:08  Pylon  
  39  4:12  Cybernetics Core  
  39  4:13  Probe  
  40  4:45  Warp Gate (Chrono Boost)  
  40  4:49  Photon Cannon  
  40  4:51  Probe  
  41  4:53  Pylon  
  41  4:56  Pylon  
  41  4:58  Assimilator  
  41  5:02  Assimilator  
  41  5:03  Probe  
  41  5:04  Pylon  
  41  5:05  Pylon  
  42  5:08  Pylon  
  42  5:11  Photon Cannon  
  42  5:12  Photon Cannon  
  42  5:15  Probe  
  42  5:19  Photon Cannon  
  43  5:27  Probe  
  43  5:28  Photon Cannon  
  44  5:30  Photon Cannon  
  44  5:39  Twilight Council, Probe  
  43  5:55  Gateway  
  43  5:56  Gateway  
  43  6:00  Robotics Facility  
  43  6:02  Probe (Chrono Boost)  
  44  6:10  Photon Cannon  
  45  6:12  Probe (Chrono Boost)  
  45  6:16  Probe (Chrono Boost)  
  46  6:28  Probe  
  46  6:29  Charge  
  47  6:35  Dark Shrine  
  47  6:40  Probe  
  47  6:41  Photon Cannon  
  48  6:47  Photon Cannon  
  48  6:50  Photon Cannon, Protoss Ground Weapons Level 1 (Chrono Boost)  
  48  6:52  Probe  
  49  6:55  Observer  
  50  7:04  Probe  
  51  7:09  Pylon  
  51  7:13  Warp Prism  
  53  7:16  Probe  
  54  7:26  Nexus  
  54  7:30  Forge  
  54  7:45  Gateway  
  54  7:49  Gateway  
  54  7:51  Pylon  
  54  7:53  Pylon  
  54  8:06  Observer  
  54  8:07  Shadow Stride (Chrono Boost)  
  54  8:09  Blink  
  55  8:16  Gateway  
  55  8:17  Gateway  
  55  8:23  Gateway  
  55  8:24  Protoss Ground Armor Level 1 (Chrono Boost), Observer  
  55  8:25  Photon Cannon  
  56  8:31  Photon Cannon  
  56  8:33  Photon Cannon  
  56  8:38  Probe (Chrono Boost)  
  58  8:48  Probe (Chrono Boost)  
  58  8:49  Protoss Shields Level 1 (Chrono Boost)  
  58  8:53  Probe (Chrono Boost)  
  57  9:05  Probe  
  56  9:13  Zealot  
  56  9:14  Zealot x2  
  56  9:15  Zealot  
  56  9:16  Zealot x2  
  68  9:17  Probe, Zealot  
  68  9:18  Dark Templar  
  68  9:19  Dark Templar  
  68  9:21  Dark Templar  
  68  9:29  Probe  
  67  9:39  Assimilator  
  67  9:41  Probe  
  67  9:42  Assimilator  
  68  9:45  Templar Archives  
  68  9:48  Pylon  
  68  9:51  Pylon  
  68  9:53  Probe (Chrono Boost)  
  68  9:54  Pylon  
  68  9:59  Pylon  
  67  10:02  Pylon  
  67  10:05  Probe (Chrono Boost)  
  68  10:12  Photon Cannon  
  68  10:13  Probe (Chrono Boost)  
  69  10:14  Photon Cannon  
  69  10:18  Photon Cannon  
  69  10:19  Protoss Ground Weapons Level 2 (Chrono Boost), Probe  
  70  10:32  Probe  
  71  10:41  Gateway, Protoss Ground Armor Level 2 (Chrono Boost)  
  71  10:42  Gateway, Photon Cannon  
  63  10:54  Psionic Storm  
  63  10:57  Warp Prism  
  65  11:13  Probe  
  66  11:23  Gateway x2  
  66  11:25  Probe  
  67  11:26  Gateway  
  67  11:27  Pylon  
  67  11:33  Warp Prism  
  69  11:55  Robotics Bay  
  69  12:16  Robotics Facility  
  69  12:20  Observer  
  70  12:38  Observer  
  71  12:44  Gravitic Drive (Chrono Boost)  
  71  12:56  Protoss Shields Level 2 (Chrono Boost), Warp Prism  
  73  13:16  Dark Templar  
  73  13:17  Dark Templar  
  73  13:18  Dark Templar  
  73  13:19  Dark Templar  
  81  13:20  Dark Templar  
  83  13:32  Observer  
  84  13:34  Gravitic Boosters, Dark Templar  
  84  13:35  Dark Templar  
  84  13:36  Dark Templar  
  84  13:38  Dark Templar  
  82  13:53  Protoss Ground Weapons Level 3 (Chrono Boost)  
  72  14:45  Observer  
  72  14:50  Dark Templar x2  
  76  15:04  Assimilator x2, Nexus  
  76  15:06  Pylon x3  
  76  15:08  Pylon x2  
  76  15:09  Pylon  
  76  15:13  Protoss Ground Armor Level 3  
  66  15:27  Dark Templar  
  66  15:28  Dark Templar x3  
  72  15:29  Zealot  
  72  15:30  Zealot x4  
  72  15:31  Zealot  
  72  15:32  Zealot x5  
  72  15:33  Zealot  
  98  15:53  Nexus  
  98  15:56  Pylon  
  98  15:57  Pylon  
  98  16:01  Pylon  
  98  16:03  Pylon  
  98  16:04  Pylon  
  98  16:07  Pylon  
  98  16:09  Pylon  
  98  16:12  Pylon  
  98  16:13  Pylon  
  98  16:15  Assimilator  
  98  16:18  High Templar x3  
  100  16:19  Assimilator, High Templar x3  
  100  16:20  High Templar x4  
  100  16:21  High Templar x3  
  100  16:22  High Templar x3  
  122  16:38  Archon x2  
  122  16:39  Archon x5  
  96  16:40  Archon  
  96  16:44  Photon Cannon  
  96  16:45  Photon Cannon x2  
  96  16:47  Photon Cannon  
  96  16:49  Shield Battery x2  
  96  16:51  Shield Battery  
  96  16:56  Shield Battery  
  96  17:02  Photon Cannon  
  96  17:03  Photon Cannon  
  96  17:05  Photon Cannon  
  96  17:06  Photon Cannon  
  96  17:07  Photon Cannon  
  96  17:09  Observer  
  96  17:10  Photon Cannon, Observer  
  74  17:42  High Templar x2  
  74  17:43  High Templar x2  
  74  17:44  High Templar x5  
  86  17:45  High Templar  
  86  17:50  Archon  
  86  17:51  Archon x3  
  94  17:52  Archon  
  94  18:13  Zealot x2  
  94  18:14  Zealot x3  
  94  18:15  Zealot  
  106  18:24  Dark Templar  
  106  18:25  Dark Templar x2  
  106  18:26  Dark Templar  
  113  18:28  Zealot x2  
  113  18:29  Zealot  
  113  18:30  Zealot x2  
  103  19:01  Dark Templar  
  103  19:02  Dark Templar  
  99  19:09  Dark Templar  
  85  19:10  Dark Templar  
  85  19:15  Zealot x2  
  85  19:16  Zealot x6  
  85  19:17  Zealot x3  
  67  19:40  Zealot x6  
  67  19:41  Zealot x5  
  89  19:49  Observer (Chrono Boost)  
  89  19:56  Observer (Chrono Boost)  
  87  20:20  Observer x2  
  77  20:38  Warp Prism x2  
  67  20:59  Zealot x2  
  67  21:00  Zealot x6  
  67  21:01  Zealot  
  85  21:17  Nexus  
  85  21:21  Observer x2  
  86  21:35  Zealot x4  
  86  21:36  Zealot x5  
  86  21:37  Zealot x2  
  66  22:05  Dark Templar  
  66  22:06  Dark Templar x4  
  66  22:07  Dark Templar x4  
Tags
 
Add a new tag
Caveats
  • Supply blocks, unpowered buildings, or Contaminate may cause inaccurate times.
  • Supply counts are checked every 10 seconds.